 Dungeon Crawl Stone Soup version 0.26-a0-971-g1d9d62bb61 (webtiles) character file.

Game seed: 14881642895617087196

32 siradein the Firebug (level 3, 0/24 HPs)
             Began as a Demonspawn Fire Elementalist on Dec 4, 2020.
             Slain by a jackal (3 damage)
             ... on level 1 of the Dungeon.
             The game lasted 00:03:57 (1213 turns).

siradein the Firebug (Demonspawn Fire Elementalist) Turns: 1213, Time: 00:03:58

Health: 0/24       AC:  4    Str:  8    XL:     3   Next: 8%
Magic:  0/6        EV: 12    Int: 17    God:
Gold:   42         SH:  0    Dex: 13    Spells: 5/6 levels left

rFire    . . .     SeeInvis .   (no weapon)
rCold    . . .     Faith    .   (no shield)
rNeg     . . .     Spirit   +   a - +0 robe
rPois    .         Reflect  .   (no helmet)
rElec    .         Harm     .   (no cloak)
rCorr    .         Rampage  .   (no gloves)
MR       .....                  (no boots)
Stlth    ++........             (no amulet)
HPRegen  0.08/turn              (no ring)
MPRegen  0.10/turn              (no ring)

@: no status effects
A: molten scales 1, magic shield
a: no special abilities


You were on level 1 of the Dungeon.
You visited 1 branch of the dungeon, and saw 1 of its levels.

You collected 42 gold pieces.

Inventory:

Armour
 a - a +0 robe (worn)
Potions
 b - a potion of flight {unknown}


   Skills:
 - Level 1.7 Dodging
 - Level 1.7 Stealth
 - Level 2.0 Spellcasting
 + Level 2.2 Conjurations
 + Level 3.3 Fire Magic


You had 5 spell levels left.
You knew the following spells:

 Your Spells              Type           Power        Failure   Level
a - Foxfire               Conj/Fire      ##..         6%          1

Your spell library contained the following spells:

 Spells                   Type           Power        Failure   Level
 Conjure Flame            Conj/Fire      ##......     19%         3
 Inner Flame              Hex/Fire       #.......     28%         3
 Sticky Flame             Conj/Fire      ##......     52%         4
 Fireball                 Conj/Fire      ##........   86%         5


Dungeon Overview and Level Annotations

Branches:
Dungeon (1/15)

Altars:


Innate Abilities, Weirdness & Mutations

You are partially covered in molten scales. (AC +2)
When hurt, damage is shared between your health and your magic reserves.


Message History

The foxfire hits the jackal but does no damage.
The jackal is severely wounded.
The foxfire hits the jackal.
The jackal is almost dead.
The jackal closely misses you.
The jackal bites you but does no damage.
The jackal misses you.
The jackal bites you but does no damage.
Casting: Foxfire (safe; 6% risk of failure)
Confirm with . or Enter, or press ? or * to list all spells.
You conjure some foxfire!
The jackal misses you.
The jackal bites you but does no damage.
The foxfire hits the jackal.
You kill the jackal!
The foxfire hits the jackal.
The jackal is moderately wounded.
The jackal closely misses you.
There is an open door here.
The jackal bites you.
You die...

.###### ##.......##
##.## #(##..#
#.........####...##
##....#
+.........+.......#
####.<#
#.!.....[.####...##
##....# ##.......##
##.## ..##..# ##.....##
#.# ####### ##...## #.#
##h## #.# #@# #.## #.#
#..# ##.## ##.# ##
##...## #.# #..
#.....### #.# #...
#.....h.# #.# .....
#.#.###†######.#
#.....##.#............#
#...........##.########


You could see a jackal.

Vanquished Creatures
  An ooze (D:1)
  2 dart slugs (D:1)
  2 giant cockroaches (D:1)
  2 goblins (D:1)
  A hobgoblin (D:1)
  3 jackals (D:1)
  6 bats (D:1)
  4 frilled lizards (D:1)
  2 rats (D:1)
23 creatures vanquished.

Vanquished Creatures (others)
  62 foxfires (D:1)
62 creatures vanquished.

Grand Total: 85 creatures vanquished

Notes
Turn   | Place    | Note
-------+----------+-------------------------------------------
     0 | D:1      | siradein the Demonspawn Fire Elementalist began the quest
                  | for the Orb.
     0 | D:1      | Reached XP level 1. HP: 13/13 MP: 3/3
   312 | D:1      | Reached skill level 3 in Fire Magic
   393 | D:1      | Gained mutation: You are partially covered in molten
                  | scales. (AC +2) [demonic ancestry]
   393 | D:1      | Reached XP level 2. HP: 12/19 MP: 1/5
  1170 | D:1      | Gained mutation: When hurt, damage is shared between your
                  | health and your magic reserves. [demonic ancestry]
  1170 | D:1      | Reached XP level 3. HP: 8/24 MP: 1/6
  1213 | D:1      | Slain by a jackal

Illustrated notes

Levels and vault maps discovered:
D:1:      dpeg_arrival_signposts, layout_loops_corners

Skill      XL: |  1  2 |
---------------+-------+-----
Fire Magic     | 3 |  3.3
Conjurations   | 2 |  2.2
Dodging        | |  1.7
Stealth        | |  1.7
Spellcasting   | |  2.0

Action                   || total
-------------------------++-------
Melee: Unarmed           ||    18
 Cast: Foxfire           ||    48
Armor: Robe              ||    41
Dodge: Dodged            ||    77

Table legend: (Time is in decaauts)
 A = Elapsed time spent in this place.
 B = Non-inter-level travel time spent in this place.
 C = Inter-level travel time spent in this place.
 D = Time resting spent in this place.
 E = Time spent auto-exploring this place.
 F = Levels seen in this place.
 G = Mean time per level.
                   A        B        C        D        E       F      G
               +--------+--------+--------+--------+--------+-----+--------+
         Total |   1213 |   1213 |      0 |      0 |    880 |   1 | 1213.0 |
       Dungeon |   1213 |   1213 |      0 |      0 |    880 |   1 | 1213.0 |
               +--------+--------+--------+--------+--------+-----+--------+

Top non-repeatable levels by time:
     D:1: 1213 daAuts
